 Dungeon Crawl Stone Soup version 0.20.1-1-g8b1a95d (webtiles) character file.

191 equalderp2856 the Skirmisher (level 5, -7/41 HPs)
             Began as a Mummy Fighter on Oct 28, 2017.
             Killed from afar by an orc wizard (9 damage)
             ... with a magic dart
             ... on level 4 of the Dungeon.
             The game lasted 00:04:25 (2579 turns).

equalderp2856 the Skirmisher (Mummy Fighter)        Turns: 2579, Time: 00:04:25

Health: -7/41      AC:  7    Str: 19    XL:     5   Next: 42%
Magic:  6/6        EV:  7    Int:  9    God:
Gold:   100        SH:  9    Dex: 11    Spells: 6/6 levels left

rFire    x . .     SeeInvis .   a - +0 war axe
rCold    + . .     Gourm    .   c - +0 shield
rNeg     + + +     Faith    .   b - +0 scale mail
rPois    ∞         Spirit   .   (no helmet)
rElec    .         Reflect  .   (no cloak)
rCorr    .         Harm     .   (no gloves)
MR       .....                  m - +0 pair of boots
Stlth    ..........             (no amulet)
Regen    0.2/turn               (no ring)
MPRegen  0.1/turn               (no ring)

@: no status effects
A: no food or potions, fire vulnerability, cold resistance 1, negative energy
resistance 3, torment resistance, unbreathing
a: no special abilities


You were on level 4 of the Dungeon.
You were not hungry.

You visited 1 branch of the dungeon, and saw 4 of its levels.

You collected 100 gold pieces.

Inventory:

Hand Weapons
 a - a +0 war axe (weapon)
Armour
 b - a +0 scale mail (worn)
 c - a +0 shield (worn)
 m - a +0 pair of boots (worn)
Jewellery
 g - an uncursed amulet of rage {unknown}
 h - an uncursed ring of magical power {unknown}
Scrolls
 d - 2 scrolls of identify {unknown}
 e - 8 scrolls of remove curse {unknown}
 f - a scroll of fear {unknown}
 i - a scroll of fog {unknown}
 j - a scroll of teleportation {unknown}
 k - a scroll of enchant armour {unknown}
 l - a scroll of enchant weapon {unknown}
 n - a scroll of magic mapping {unknown}


   Skills:
 + Level 3.6 Fighting
 * Level 3.1 Axes
 + Level 3.1 Armour
 + Level 0.7 Dodging
 + Level 0.1 Stealth
 + Level 2.9 Shields
 * Level 1.2 Spellcasting


You had 6 spell levels left.
You didn't know any spells.

Dungeon Overview and Level Annotations

Branches:
Dungeon (4/15)
 Temple: D:4-7

Altars:
Cheibriados
Fedhas
Nemelex Xobeh


Innate Abilities, Weirdness & Mutations

You do not eat or drink.
Your flesh is vulnerable to fire.
You are immune to poison.
Your flesh is cold resistant. (rC+)
You are immune to negative energy. (rN+++)
You are immune to unholy pain and torment.
You can survive without breathing.


Message History

A puff of flame appears from out of thin air!
The puff of flame hits you! The fire burns you terribly!
* * * LOW HITPOINT WARNING * * *
The orc wizard points at you and mumbles some strange words.
The magic dart hits you!
* * * LOW HITPOINT WARNING * * *
There is a fountain of sparkling water here.
The orc wizard gestures wildly while chanting.
The orc wizard blinks!
You see here a leather armour.
You hear some strange, mumbled words.
The orc wizard casts a spell.
The orc wizard blinks!
A magic dart appears from out of thin air!
The magic dart hits you!
* * * LOW HITPOINT WARNING * * *
Something hits you but does no damage.
A magic dart appears from out of thin air!
The magic dart hits you!
You die...

#. #.# #. #o# #.##
#.##.# ### #...
..##.# ...#..#
#.##.#
#.#..######.##.#
#.........#.##.#
#####..####.#.##.#
............#.##@#
######.#.........#
#.#.##.#.####
#.#.##.#.#
######.#.##.#.#
..............#
#####.........# #
####.##.### #
#.##.####


You could see an orc wizard.

Vanquished Creatures
  A hound (D:4)
  An orc wizard (D:4)
  7 adders
  An ooze (D:1)
  An adder skeleton (D:4)
  A dart slug (D:2)
  2 leopard geckos
  An orc (D:4)
  6 bats
  5 giant cockroaches
  10 goblins
  5 hobgoblins
  7 kobolds
  A ball python (D:1)
  6 frilled lizards
  A quokka skeleton (D:4)
  5 rats (D:1)
61 creatures vanquished.

Notes
Turn   | Place    | Note
-------+----------+-------------------------------------------
     0 | D:1      | equalderp2856 the Mummy Fighter began the quest for the Orb.
     0 | D:1      | Reached XP level 1. HP: 18/18 MP: 1/1
   266 | D:1      | Reached XP level 2. HP: 24/24 MP: 2/2
   685 | D:1      | Reached XP level 3. HP: 29/29 MP: 3/3
  1188 | D:2      | Found a snail-covered altar of Cheibriados.
  1369 | D:2      | Reached XP level 4. HP: 31/35 MP: 4/4
  1657 | D:3      | Found a blossoming altar of Fedhas.
  1823 | D:3      | Found a sparkling altar of Nemelex Xobeh.
  2360 | D:4      | Reached XP level 5. HP: 26/41 MP: 5/5
  2513 | D:4      | Found a sparkling altar of Nemelex Xobeh.
  2545 | D:4      | Reached skill level 1 in Spellcasting
  2577 | D:4      | HP: 2/41 [something/magic dart (4)]
  2579 | D:4      | Killed from afar by an orc wizard

Skill      XL: |  1  2  3  4  5 |
---------------+----------------+-----
Axes           | 2 3 |  3.1
Armour         | 3 |  3.1
Spellcasting   | 1 |  1.2
Fighting       | |  3.6
Dodging        | |  0.7
Stealth        | |  0.1
Shields        | |  2.9

Action                   |  1- 3 |  4- 6 || total
-------------------------+-------+-------++-------
Melee: War axe           |   163 |   124 ||   287
Armor: Scale mail        |    89 |    66 ||   155
Dodge: Dodged            |    54 |    50 ||   104
Block: Shield            |    79 |    63 ||   142
